 Dungeon Crawl Stone Soup version 0.21.1-1-g345015f (webtiles) character file.

116 Kairos the Shield-Bearer (level 5, -1/41 HPs)
             Began as a Human Fighter on Apr 1, 2018.
             Killed from afar by Sigmund (2 damage)
             ... with a magic dart
             ... on level 1 of the Dungeon.
             The game lasted 00:03:19 (1959 turns).

Kairos the Shield-Bearer (Human Fighter)            Turns: 1959, Time: 00:03:20

Health: -1/41      AC:  6    Str: 16    XL:     5   Next: 20%
Magic:  0/5        EV:  7    Int:  9    God:
Gold:   74         SH:  9    Dex: 13    Spells: 4/4 levels left

rFire    . . .     SeeInvis .   a - +0 war axe
rCold    . . .     Gourm    .   c - +0 shield
rNeg     . . .     Faith    .   b - +0 scale mail
rPois    .         Spirit   +   (no helmet)
rElec    .         Reflect  .   (no cloak)
rCorr    .         Harm     .   (no gloves)
MR       .....                  (no boots)
Stlth    ..........             m - amulet of guardian spirit
HPRegen  0.13/turn              (no ring)
MPRegen  0.09/turn              (no ring)

@: no status effects
A: no striking features
a: no special abilities


You were on level 1 of the Dungeon.
You were near starving.

You visited 1 branch of the dungeon, and saw 2 of its levels.

You collected 74 gold pieces.

Inventory:

Hand Weapons
 a - a +0 war axe (weapon)
Armour
 b - a +0 scale mail (worn)
 c - a +0 shield (worn)
Jewellery
 m - an amulet of guardian spirit (around neck)
 p - an uncursed amulet of faith
Scrolls
 e - a scroll of enchant armour {unknown}
 i - a scroll of blinking {unknown}
 k - 2 scrolls of fear {unknown}
 n - 2 scrolls of identify {unknown}
 o - 2 scrolls of immolation {unknown}
 r - 4 scrolls of remove curse {unknown}
 t - 3 scrolls of fog {unknown}
Potions
 d - a potion of might
 g - a potion of lignification {unknown}
 h - a potion of invisibility {unknown}
 j - a potion of brilliance {unknown}
 l - a potion of agility {unknown}
 q - a potion of haste {unknown}
Comestibles
 f - 5 rations


   Skills:
 + Level 3.6 Fighting
 + Level 3.2 Axes
 + Level 3.5 Armour
 + Level 0.8 Dodging
 + Level 3.6 Shields


You had 4 spell levels left.
You didn't know any spells.

Dungeon Overview and Level Annotations

Branches:
Dungeon (2/15)

Altars:

Annotations:
D:1 Sigmund


Message History

Sigmund points at you and mumbles some strange words.
The magic dart hits you!
* * * LOW HITPOINT WARNING * * *
Firing (i - inventory): No suitable missiles.
Press: ? - help, Shift-Dir - straight line, f/p - Sigmund
Aim: Sigmund, wielding a scythe and wearing a robe (heavily wounded)
Okay, then.
Unknown command.
Firing (i - inventory): No suitable missiles.
Press: ? - help, Shift-Dir - straight line, f/p - Sigmund
Aim: Sigmund, wielding a scythe and wearing a robe (heavily wounded)
Okay, then.
Unknown command.
Firing (i - inventory): No suitable missiles.
Press: ? - help, Shift-Dir - straight line, f/p - Sigmund
Aim: Sigmund, wielding a scythe and wearing a robe (heavily wounded)
Okay, then.
Sigmund gestures at you while chanting. The magic dart hits you!
You die...

####################
#.......@...@......######
#.################.......
#.# #.###### #.# #.# #
#.# #.# # #.# ##.# # #.#
#..# # ###.##########
######### #............#
###≈≈≈≈≈≈.


You could see Sigmund.

Vanquished Creatures
  An iguana (D:2)
  2 adders (D:2)
  2 oozes (D:1)
  A worm (D:2)
  2 dart slugs (D:2)
  2 ball pythons
  6 bats
  4 giant cockroaches
  6 goblins
  5 hobgoblins
  4 jackals (D:2)
  A quokka (D:2)
  4 frilled lizards
  7 kobolds
  7 rats
54 creatures vanquished.

Notes
Turn   | Place    | Note
-------+----------+-------------------------------------------
     0 | D:1      | Kairos the Human Fighter began the quest for the Orb.
     0 | D:1      | Reached XP level 1. HP: 18/18 MP: 1/1
    34 | D:1      | Reached XP level 2. HP: 12/24 MP: 2/2
   384 | D:1      | Reached XP level 3. HP: 25/29 MP: 3/3
   904 | D:2      | Reached XP level 4. HP: 27/35 MP: 4/4
  1071 | D:2      | Noticed Sigmund
  1527 | D:2      | Reached XP level 5. HP: 33/41 MP: 3/5
  1948 | D:1      | HP: 2/41 [something/puff of flame (5)]
  1958 | D:1      | HP: 1/41 [Sigmund/magic dart (3)]
  1959 | D:1      | Killed from afar by Sigmund

Skill      XL: |  1  2  3  4 |
---------------+-------------+-----
Axes           | 3 |  3.2
Fighting       | |  3.6
Armour         | |  3.5
Dodging        | |  0.8
Shields        | |  3.6

Action                   |  1- 3 |  4- 6 || total
-------------------------+-------+-------++-------
Melee: War axe           |    94 |    69 ||   163
Throw: Tomahawk          |       |    10 ||    10
  Eat: Chunk             |       |     2 ||     2
Armor: Scale mail        |    54 |    37 ||    91
Dodge: Dodged            |    25 |    22 ||    47
Block: Shield            |    49 |    47 ||    96
